 Dungeon Crawl Stone Soup version 0.29.1-13-g9f3cf754e1 (webtiles) character file.

Game seed: 1852426721823922959

67 DemonSlayer the Digger (level 4, -1/30 HPs)
             Began as a Demonspawn Earth Elementalist on Jan 21, 2023.
             Killed from afar by an orc wizard (5 damage)
             ... with a puff of flame
             ... on level 3 of the Dungeon.
             The game lasted 00:04:02 (3987 turns).

DemonSlayer the Digger (DsEE)                       Turns: 3987, Time: 00:04:03

Health: -1/30      AC:  4    Str: 10    XL:     4   Next: 0%
Magic:  6/8        EV: 12    Int: 17    God:
Gold:   103        SH:  0    Dex: 19    Spells: 6/9 levels left

rFire   . . .      SeeInvis .   p - +0 bardiche
rCold   . . .      Faith    .   (shield currently unavailable)
rNeg    . . .      Spirit   .   a - +0 robe
rPois   .          Reflect  .   (no helmet)
rElec   .          Harm     .   (no cloak)
rCorr   .          Rampage  .   (no gloves)
Will    .....                   (no boots)
Stlth   ++........              (no amulet)
HPRegen 0.10/turn               c - +6 ring of dexterity
MPRegen 0.11/turn               (no ring)

@: no status effects
A: slimy green scales 1, condensation shield
a: no special abilities


You were on level 3 of the Dungeon.
You visited 1 branch of the dungeon, and saw 4 of its levels.

You collected 103 gold pieces.

Inventory:

Hand Weapons
 f - a +0 short sword
 p - a +0 bardiche (weapon)
Armour
 a - a +0 robe (worn)
 m - an orb of guile
Jewellery
 c - a +6 ring of dexterity (left hand)
Scrolls
 d - a scroll of fog {unknown}
 e - a scroll of magic mapping {unknown}
 h - 2 scrolls of teleportation {unknown}
 l - a scroll of blinking {unknown}
Potions
 b - a potion of magic
 g - a potion of flight {unknown}
 i - a potion of curing {unknown}
 j - 2 potions of might {unknown}
 k - a potion of resistance {unknown}
 n - a potion of ambrosia {unknown}
 o - 2 potions of attraction {unknown}


   Skills:
 + Level 0.1 Fighting
 + Level 0.1 Short Blades
 + Level 2.0 Dodging
 + Level 2.2 Stealth
 + Level 3.0 Spellcasting
 + Level 0.8 Transmutations
 + Level 3.3 Earth Magic


You had 6 spell levels left.
You knew the following spells:

 Your Spells              Type           Power      Damage    Failure   Level
a - Sandblast             Erth           28%        2d8       4%          1
b - Passwall              Tmut/Erth      7%         N/A       11%         2

Your spell library contained the following spells:

 Spells                   Type           Power      Damage    Failure   Level
 Apportation              Tloc           4%         N/A       17%         1
 Necrotise                Necr           8%         1d4       17%         1
 Summon Small Mammal      Summ           8%         N/A       17%         1
 Stone Arrow              Conj/Erth      16%        3d8       26%         3
 Portal Projectile        Hex/Tloc       4%         N/A       45%         3
 Tukima's Dance           Hex            2%         N/A       45%         3
 Petrify                  Tmut/Erth      9%         N/A       58%         4
 Blade Hands              Tmut           2%         N/A       98%         5


Dungeon Overview and Level Annotations

Branches:
Dungeon (4/15)
 Temple: D:4-7

Altars:
Vehumet
Xom

Shops:
D:3 *

Annotations:
D:2 1 runed translucent door, Crazy Yiuf


Innate Abilities, Weirdness & Mutations

You are partially covered in slimy green scales. (AC +2)
A meltable shield of frost defends you. (SH +0)


Message History

The blast of sand hits the orc but does no damage.
The orc is severely wounded.
The orc wizard shouts!
The orc hits you but does no damage.
The orc wizard casts a spell.
The orc wizard flickers and vanishes!
Deactivating autopickup; reactivate with Ctrl-A.
You hit the orc.
The orc is almost dead.
The orc hits you but does no damage. The orc barely misses you.
You closely miss the orc.
The orc is almost dead.
You block the orc's attack.
You slash the orc!
You kill the orc!
Something hits you but does no damage.
Your Dodging skill increases to level 2!
You have reached level 4!
You feel clever.
You miss something. Something hits you!
You hear some strange, mumbled words.
You are confused.
You miss something. Something hits you but does no damage. Something hits you.
Something hits you.
Things that are here:
a +0 club; a +0 leather armour; 15 gold pieces You miss something.
Something hits you but does no damage. Something barely misses you.
You closely miss something.
You feel less confused. Something hits you. Something completely misses you.
You closely miss something. Something hits you but does no damage.
Something hits you!
* * * LOW HITPOINT WARNING * * *
You closely miss something.
You hear some strange, mumbled words.
A puff of flame appears from out of thin air!
The puff of flame hits you.
Your condensation shield dissipates!
You die...

...................##....
...................###.#.
..######...#######.###.#.
# #...# #....... #...#
#####.## #...# #.## #...#
#... ###${.#### #..#
#..@...>.# #...
#..#.##..# ##.# #<.#†#
..# #.# .......)).....#
#.. .###.....#..#.# ###
#.....# .# ........ ..
.......... .# .∩.........
#


There were no monsters in sight!

Vanquished Creatures
  An adder (D:3)
  A white imp (D:3)
  2 dart slugs
  An orc (D:3)
  5 bats (D:1)
  2 endoplasms
  2 giant cockroaches
  5 hobgoblins
  2 jackals (D:2)
  3 quokkas (D:1)
  2 frilled lizards (D:1)
  3 goblins
  6 kobolds
  9 rats
44 creatures vanquished.

Vanquished Creatures (others)
  An orc priest (D:3)
  2 orcs (D:3)
3 creatures vanquished.

Grand Total: 47 creatures vanquished

Notes
Turn   | Place    | Note
-------+----------+-------------------------------------------
     0 | D:1      | DemonSlayer the Demonspawn Earth Elementalist began the
                  | quest for the Orb.
     0 | D:1      | Reached XP level 1. HP: 13/13 MP: 3/3
   214 | D:1      | Gained mutation: You are partially covered in slimy green
                  | scales. (AC +2) [demonic ancestry]
   214 | D:1      | Reached XP level 2. HP: 19/19 MP: 3/5
   217 | D:1      | Learned a level 2 spell: Passwall
  1217 | D:2      | Gained mutation: A meltable shield of frost defends you.
                  | (SH +0) [demonic ancestry]
  1217 | D:2      | Reached XP level 3. HP: 24/24 MP: 1/6
  1434 | D:2      | Found a shimmering altar of Xom.
  1621 | D:2      | Found a runed translucent door.
  1622 | D:2      | Noticed Crazy Yiuf
  3007 | D:3      | Found a radiant altar of Vehumet.
  3066 | D:4      | Noticed a black bear
  3806 | D:3      | Found Doroyd Maje's General Store.
  3981 | D:3      | Reached XP level 4. HP: 25/30 MP: 5/8
  3987 | D:3      | Killed from afar by an orc wizard

Illustrated notes

Levels and vault maps discovered:
D:1:      spicycebolla_arrival_ecumenical, layout_loops_cross, grunt_decor_cap
D:2:      layout_basic, basic_altar, grunt_decor_arrowhead,
          uniq_crazy_yiuf_cottage
D:3:      layout_loops_cross, fiery_altar_vehumet,
          gammafunk_temple_overflow_forgotten, serial_shops, shop_coins
D:4:      wander_river, layout_basic

Skill      XL: |  1  2  3 |
---------------+----------+-----
Stealth        | 2 |  2.2
Earth Magic    | 3 |  3.3
Spellcasting   | 3 |  3.0
Dodging        | 2 |  2.0
Fighting       | |  0.1
Short Blades   | |  0.1
Transmutations | |  0.8

Action                   |  1- 3 |  4- 6 || total
-------------------------+-------+-------++-------
Melee: Short sword       |    36 |       ||    36
       Bardiche          |     8 |     6 ||    14
 Cast: Sandblast         |    50 |       ||    50
 Stab: Sleeping          |     4 |       ||     4
Armor: Robe              |    18 |     3 ||    21
Dodge: Dodged            |    44 |     2 ||    46
Block: Other             |     6 |       ||     6
